AoeStats
← nanakusa

Nomad

509102225Analyzed
4v4 RM · 7d ago on Sep 25, 2026· 19m 34s· 8 players
Game mode
Random Map
Map size
231×231
Population
200
Speed
Normal
Resources
Standard
Victory
Conquest
Starting age
Dark Age
Ending age
Imperial Age
RankedLock teamsTeams togetherTeam positionsShared explorationLock speedFull tech treeHidden civsTurbo modeCheats
Victory
Defeat
🇭🇰 Persians · Hong Kong SAR China
1766
+9
🇩🇪 Khitans · Germany
1756
+9
🇦🇺 Maya · Australia
1561
+16
🇯🇵 Spanish · Japan
1549
+16
🇹🇼 Varangians · Taiwan
1613
-14
🇻🇳 Italians · Vietnam
1592
-13
🇹🇼 Wei · Taiwan
1565
-12
🇦🇷 Spanish · Argentina
1551
-11
Viet Nam Strategy
4:32 Loom
13:32 Feudal Age
gjizhijian6866
4:56 Loom
頭鐵投石機
3:16 Loom
15:36 Feudal Age
19:29 Castle Age
17:59 Gold Mining
18:02 Stone Mining
18:46 Double-Bit Axe
TW_Kenneth
12:16 Feudal Age
12:54 Double-Bit Axe
13:24 Fishing Lines
14:24 Loom
15:23 Town Watch
18:07 Castle Age
17:26 Forging
17:58 Gold Mining
18:44 Gillnets
nanakusa
13:28 Feudal Age
13:52 Loom
14:02 Double-Bit Axe
19:31 Castle Age
17:53 Gold Mining
20:45 Wheelbarrow
Random Civ Pocket
5:03 Loom
ResonanceFreq
6:14 Loom
13:16 Feudal Age
14:09 Town Watch
17:33 Castle Age
15:19 Double-Bit Axe
16:08 Fishing Lines
18:32 Medium Warships
19:21 Gold Mining
20:04 Bow Saw
20:46 Wheelbarrow
[GER] Paeco
5:03 Loom
13:37 Feudal Age
14:58 Double-Bit Axe
15:32 Domestication
17:26 Forging
17:22 Scale Barding Armor
19:42 Wheelbarrow
Connection lost

Rejoining the realm…

Still unreachable

The connection could not be restored.

Session expired

The server has moved on; the page needs a fresh start.